 Dungeon Crawl Stone Soup version 0.29.1-12-g30fa7ad0bf (webtiles) character file.

Game seed: 8737547473273548589

12117 MisterFreud the Cruncher (level 12, -4/87 HPs)
             Began as a Formicid Gladiator on Jan 6, 2023.
             Was an Initiate of Yredelemnul.
             Slain by an eight-headed hydra (10 damage)
             ... on level 11 of the Dungeon.
             The game lasted 00:12:53 (11514 turns).

MisterFreud the Cruncher (Formicid Gladiator)      Turns: 11514, Time: 00:12:54

Health: -4/87      AC: 17    Str: 26    XL:     12   Next: 16%
Magic:  18/18      EV:  9    Int:  6    God:    Yredelemnul [......]
Gold:   693        SH: 13    Dex: 17    Spells: 11/11 levels left

rFire   . . .      SeeInvis +   O - +4 quarterstaff (chaos)
rCold   + . .      Faith    .   q - +1 kite shield
rNeg    . . .      Spirit   .   k - +0 chain mail
rPois   +          Reflect  .   (helmet unavailable)
rElec   .          Harm     .   P - +0 cloak
rCorr   +          Rampage  .   f - +2 pair of gloves
Will    +....                   g - +2 pair of boots of Lies {rCorr Str+4 Int-2 SInv}
Stlth   ..........              (no amulet)
HPRegen 0.24/turn               n - ring of protection from cold
MPRegen 0.16/turn               C - ring of poison resistance

@: no status effects
A: permanent stasis, dig shafts and tunnels, antennae 3, four strong arms
a: Dig, Shaft Self, Renounce Religion, Recall Undead Harvest


You were on level 11 of the Dungeon.
You worshipped Yredelemnul.
Yredelemnul was aware of your devotion.
You visited 2 branches of the dungeon, and saw 12 of its levels.
You also visited: Sewer.

You collected 693 gold pieces.

Inventory:

Hand Weapons
 a - a +1 vampiric quarterstaff
 t - the +8 lajatang "Ovoti" {vorpal, rC- rCorr Dex+8 Stlth+}
   (You acquired it on level 4 of the Dungeon)

   It inflicts extra damage upon your enemies.
   Dex:       It affects your dexterity (+8).
   rC:        It makes you vulnerable to cold.
   rCorr:     It protects you from acid and corrosion.
   Stlth:     It makes you more stealthy.
 O - a +4 quarterstaff of chaos (weapon)
Missiles
 c - 3 throwing nets (quivered)
 d - 5 javelins
 p - 18 poisoned darts
 y - 10 boomerangs
 E - 6 curare-tipped darts
Armour
 f - a +2 pair of gloves (worn)
 g - the +2 pair of boots of Lies (worn) {rCorr Str+4 Int-2 SInv}
   (You acquired it on level 1 of the Dungeon)

   Str:       It affects your strength (+4).
   Int:       It affects your intelligence (-2).
   SInv:      It lets you see invisible.
   rCorr:     It protects you from acid and corrosion.
 k - a +0 chain mail (worn)
 q - a +1 kite shield (worn)
 P - a +0 cloak (worn)
Jewellery
 b - an amulet of magic regeneration
 i - a ring of protection from fire
 n - a ring of protection from cold (left hand)
 C - a ring of poison resistance (right hand)
 D - a ring of protection from cold
 I - a ring of fire
 J - the ring "Wiumeuts" {Fire rN+ rCorr Str-5}
   (You found it on level 6 of the Dungeon)

   [ring of fire]

   It enhances your fire magic.
   Str:       It affects your strength (-5).
   rF:        It protects you from fire.
   rC:        It makes you vulnerable to cold.
   rN:        It protects you from negative energy.
   rCorr:     It protects you from acid and corrosion.
 S - an amulet of the acrobat
 U - an amulet of regeneration
 V - a +6 ring of strength
 W - a ring of ice
Wands
 u - a wand of flame (27)
 F - a wand of roots (13)
 G - a wand of charming (18)
 M - a wand of polymorph (11)
 R - a wand of quicksilver (12)
 T - a wand of mindburst (1)
Scrolls
 e - 3 scrolls of fog
 s - 2 scrolls of brand weapon
 w - 2 scrolls of immolation
 H - 4 scrolls of poison
 N - 2 scrolls of enchant weapon
Potions
 h - 3 potions of curing
 j - 4 potions of brilliance
 l - 5 potions of heal wounds
 m - 2 potions of might
 o - 2 potions of magic
 r - 6 potions of flight
 v - a potion of mutation
 x - a potion of experience {unknown}
 z - a potion of attraction {unknown}
 A - a potion of invisibility {unknown}
 B - 2 potions of resistance
 K - a potion of cancellation {unknown}
 Q - a potion of haste {unknown}


   Skills:
 + Level 5.8 Fighting
 - Level 14.0 Staves
 - Level 2.0 Throwing
 + Level 5.8 Armour
 - Level 2.6 Dodging
 - Level 10.0 Shields
 - Level 8.0 Invocations


You had 11 spell levels left.
You didn't know any spells.
Your spell library contained the following spells:

 Spells                   Type           Power      Damage    Failure   Level
 Foxfire                  Conj/Fire      0%         2x1d4     99%         1
 Magic Dart               Conj           0%         1d3       99%         1
 Necrotise                Necr           0%         1d4       99%         1
 Slow                     Hex            0%         N/A       99%         1
 Summon Small Mammal      Summ           0%         N/A       99%         1
 Call Imp                 Summ           0%         N/A       100%        2
 Call Canine Familiar     Summ           0%         N/A       100%        3
 Confusing Touch          Hex            0%         N/A       100%        3
 Conjure Flame            Conj/Fire      0%         6-21      100%        3
 Frozen Ramparts          Ice            0%         1d1       100%        3
 Inner Flame              Hex/Fire       0%         N/A       100%        3
 Mephitic Cloud           Conj/Pois/Air  0%         N/A       100%        3
 Summon Guardian Golem    Hex/Summ       0%         N/A       100%        3
 Vampiric Draining        Necr           0%         2d6       100%        3
 Flame Wave               Conj/Fire      0%         2d4       100%        4
 Fulminant Prism          Conj/Hex       0%         3d6       100%        4
 Ice Form                 Ice/Tmut       0%         N/A       100%        4
 Iskenderun's Mystic Bla  Conj/Tloc      0%         2d3       100%        4
 Summon Ice Beast         Ice/Summ       0%         N/A       100%        4
 Agony                    Necr           0%         N/A       100%        5
 Fireball                 Conj/Fire      0%         3d3       100%        5
 Lee's Rapid Deconstruct  Erth           0%         3d5*      100%        5
 Summon Forest            Summ/Tloc      0%         N/A       100%        5
 Eringya's Noxious Bog    Tmut/Pois      0%         N/A       100%        6
 Starburst                Conj/Fire      0%         6d3       100%        6
 Summon Hydra             Summ           0%         N/A       100%        7
 Ignition                 Fire           0%         3d3       100%        8


Dungeon Overview and Level Annotations

Branches:
Dungeon (11/15)            Temple (1/1) D:4            Lair (0/5) D:8
    Orc (0/2) D:9           Sewer (visited)

Altars:
Ashenzari
Cheibriados
Dithmenos
Elyvilon
Fedhas
Gozag
Hepliaklqana
Kikubaaqudgha
Makhleb
Nemelex Xobeh
Okawaru
Qazlal
Ru
Sif Muna
Trog
Uskayaw
Vehumet
Wu Jian
Xom
Yredelemnul
Zin
The Shining One

Shops:
D:3 =   D:5 *([


Innate Abilities, Weirdness & Mutations

You cannot be hasted, slowed, berserked, paralysed or teleported.
You can dig through walls and to a lower floor.
You have a pair of large antennae on your head. (SInv)
Your four strong arms can wield two-handed weapons with a shield.


Message History

Your wyvern zombie is destroyed!
You block the eight-headed hydra's attack. x2
The eight-headed hydra bites you!
* * * LOW HITPOINT WARNING * * *
The eight-headed hydra bites you.
* * * LOW HITPOINT WARNING * * *
Unknown command.
Unknown command.
Unknown command.
Unknown command.
Unknown command.
Unknown command.
Unknown command.
Unknown command.
Aiming: Mindburst
Press: ? - help, Shift-Dir - straight line, f - eight-headed hydra
Aim: an eight-headed hydra (severely wounded, ally target, chance to affect: 29%)
The eight-headed hydra's minds are blasted!
Your wyvern zombie bites the eight-headed hydra.
The eight-headed hydra bites your wyvern zombie! x2
The eight-headed hydra bites your wyvern zombie. x2
The eight-headed hydra bites your wyvern zombie!
The eight-headed hydra bites your wyvern zombie!!
Your wyvern zombie is destroyed!
The eight-headed hydra closely misses you.
The eight-headed hydra bites you!
* * * LOW HITPOINT WARNING * * *
Unknown command.
Unknown command.
Aiming: Mindburst
Press: ? - help, Shift-Dir - straight line, f/p - eight-headed hydra
Aim: an eight-headed hydra (almost dead, chance to affect: 29%)
The eight-headed hydra easily resists.
You block the eight-headed hydra's attack.
The eight-headed hydra bites you.
* * * LOW HITPOINT WARNING * * *
The eight-headed hydra bites you but does no damage.
The eight-headed hydra bites you!
You die...
Your body rises from the dead as a mindless zombie.

# ##########.# #.#######.
#........#.#####..Z......
########.............##########.
#......#.........###............
#......#....[....# ##......####.
#......#.........# #.....^# #.
##................####......# #.
...............D............####.
..'''.......####@....~~~~.....##.
..###.....### #....≈~≈≈≈........
### ####### #.....~≈~~........
#.............#...
#.~~...######.#.#. #......#
#.#.#. #......# #.#.#' #......#
#.#... ######## #.#...


You could see an eight-headed hydra.

Vanquished Creatures
  Erolcha (D:9)
  2 two-headed ogres
  Sonja (D:10)
  Pikel (D:6)
  Maurice (D:9)
  An unseen horror (D:11)
  A hornet (D:8)
  A shadow (D:9)
  A vampire (D:10)
  2 wraiths (D:10)
  2 wyverns (D:11)
  10 yaks
  A steam dragon (D:4)
  3 wargs (D:9)
  2 water moccasins (D:8)
  An acid dragon (D:8)
  Duvessa (D:6)
  Pargi (Sewer)
  4 orc warriors
  2 ice beasts
  4 black bears
  An ogre (D:4)
  3 lemures (D:6)
  2 centaurs (D:9)
  2 kobold brigands
  Blork the orc (D:6)
  6 bullfrogs
  4 scorpions
  2 necrophages
  2 wights
  Dowan (D:6)
  13 killer bees (D:9)
  3 howler monkeys (D:7)
  4 hounds
  8 orc priests
  5 jellies
  Crazy Yiuf (D:7)
  6 iguanas
  10 orc wizards
  7 adders
  4 gnolls (D:11)
  2 ufetubi (D:6)
  4 dart slugs
  25 orcs
  11 bats
  3 endoplasms
  5 giant cockroaches
  5 goblins
  7 hobgoblins
  3 jackals (D:1)
  18 kobolds
  8 quokkas
  2 ball pythons
  4 frilled lizards
  8 rats
  A spectral kobold (D:5)
234 creatures vanquished.

Vanquished Creatures (collateral kills)
  Fannar (D:10)
  A yak (D:8)
  A vampire (D:8)
  A gnoll sergeant (D:11)
  2 wights (D:10)
6 creatures vanquished.

Vanquished Creatures (others)
  2 wyvern zombies (D:11)
  A black bear zombie (D:8)
  An orc zombie (D:10)
  42 fungi (D:8)
  60 plants (D:8)
106 creatures vanquished.

Grand Total: 346 creatures vanquished

Notes
Turn   | Place    | Note
-------+----------+-------------------------------------------
     0 | D:1      | MisterFreud the Formicid Gladiator began the quest for the
                  | Orb.
     0 | D:1      | Reached XP level 1. HP: 16/16 MP: 1/1
   241 | D:1      | Reached XP level 2. HP: 9/22 MP: 2/2
   677 | D:1      | Reached skill level 4 in Staves
   677 | D:1      | Reached XP level 3. HP: 27/27 MP: 3/3
   738 | D:1      | Identified a scroll of acquirement
   738 | D:1      | Acquired the +2 pair of boots of Lies {rCorr Str+4 Int-2
                  | SInv}
  1466 | D:2      | Reached skill level 1 in Armour
  1517 | D:2      | Reached XP level 4. HP: 33/33 MP: 4/4
  1876 | D:3      | Found Telo's Jewellery Boutique.
  1910 | D:3      | Found a glowing drain.
  1932 | Sewer    | Entered a sewer
  2042 | Sewer    | Noticed Pargi
  2078 | Sewer    | Killed Pargi
  2079 | Sewer    | Reached skill level 5 in Staves
  2079 | Sewer    | Reached XP level 5. HP: 17/38 MP: 5/5
  2807 | D:3      | Noticed an orc warrior
  2808 | D:3      | Reached XP level 6. HP: 42/44 MP: 6/6
  2818 | D:3      | You fall into a shaft and drop 2 floors!
  2818 | D:5      | Entered Level 5 of the Dungeon
  2896 | D:4      | Acquired the +8 lajatang "Ovoti" {vorpal, rC- rCorr Dex+8
                  | Stlth+}
  2949 | D:4      | Noticed a steam dragon
  2958 | D:4      | Killed a steam dragon
  3052 | D:4      | Reached skill level 6 in Staves
  3052 | D:4      | Reached XP level 7. HP: 50/50 MP: 7/7
  3283 | D:4      | Reached skill level 5 in Armour
  3364 | D:4      | Found a staircase to the Ecumenical Temple.
  3384 | Temple   | Entered the Ecumenical Temple
  3833 | D:3      | Reached skill level 7 in Staves
  3833 | D:3      | Reached XP level 8. HP: 56/56 MP: 8/8
  4319 | D:5      | Found an iron altar of Okawaru.
  4341 | D:5      | Found Paeff's Antique Armour Shoppe.
  4365 | D:5      | Found Zubud's Weapon Shop.
  4376 | D:5      | Reached skill level 8 in Staves
  4412 | D:5      | Found Xenub's Assorted Antiques.
  4472 | D:5      | Found a glowing golden altar of the Shining One.
  4509 | D:5      | Reached skill level 9 in Staves
  4568 | D:5      | Found a hazy altar of Hepliaklqana.
  4792 | D:5      | Reached XP level 9. HP: 61/61 MP: 9/9
  4960 | D:6      | Reached skill level 10 in Staves
  5031 | D:6      | Noticed Pikel
  5037 | D:6      | Killed Pikel
  5096 | D:6      | Noticed Dowan
  5097 | D:6      | Noticed Duvessa
  5104 | D:6      | Killed Duvessa
  5105 | D:6      | Reached skill level 5 in Fighting
  5105 | D:6      | Reached skill level 5 in Shields
  5106 | D:6      | Killed Dowan
  5289 | D:6      | Identified the ring "Wiumeuts" {Fire rN+ rCorr Str-5}
  5305 | D:6      | Found a faded altar of an unknown god.
  5305 | D:6      | Found a faded altar of an unknown god.
  5314 | D:6      | Found a white marble altar of Elyvilon.
  5316 | D:6      | Found a burning altar of Makhleb.
  5318 | D:6      | Found an ornate altar of the Wu Jian Council.
  5363 | D:6      | Noticed Blork the orc
  5371 | D:6      | Killed Blork the orc
  5550 | D:7      | Found a stormy altar of Qazlal.
  5686 | D:7      | Reached XP level 10. HP: 73/74 MP: 10/10
  5999 | D:7      | Found a bloodstained altar of Trog.
  6067 | D:7      | Found a sparkling altar of Nemelex Xobeh.
  6206 | D:7      | Found a runed translucent door.
  6207 | D:7      | Noticed Crazy Yiuf
  6403 | D:7      | Killed Crazy Yiuf
  6852 | D:8      | Noticed a two-headed ogre
  6863 | D:8      | HP: 3/74 [two-headed ogre/+0 giant spiked club (20)]
  6877 | D:8      | Reached skill level 10 in Shields
  6879 | D:8      | You fall into a shaft and drop 3 floors!
  7118 | D:11     | Noticed an unseen horror
  7131 | D:11     | Killed an unseen horror
  7136 | D:10     | Entered Level 10 of the Dungeon
  7140 | D:10     | Noticed Sonja
  7141 | D:10     | Noticed Fannar
  7231 | D:9      | Found a shimmering blue altar of Sif Muna.
  7280 | D:9      | Noticed Erolcha
  7291 | D:9      | Killed Erolcha
  7292 | D:9      | Reached skill level 11 in Staves
  7315 | D:9      | Found a staircase to the Orcish Mines.
  7418 | D:9      | Noticed Maurice
  7426 | D:9      | Killed Maurice
  7427 | D:9      | Reached skill level 12 in Staves
  7605 | D:9      | Reached XP level 11. HP: 61/79 MP: 11/11
  7854 | D:9      | Found a shadowy altar of Dithmenos.
  8687 | D:9      | Reached skill level 13 in Staves
  8831 | D:8      | Found a basalt altar of Yredelemnul.
  8872 | D:8      | Became a worshipper of Yredelemnul the Dark
  8908 | D:8      | Found a staircase to the Lair.
  8911 | D:8      | Reached * piety under Yredelemnul
  8914 | D:8      | Killed a two-headed ogre
  8914 | D:8      | Reached ** piety under Yredelemnul
  8924 | D:8      | Reached *** piety under Yredelemnul
  8957 | D:8      | Reached **** piety under Yredelemnul
  8958 | D:8      | Reached skill level 1 in Invocations
  9223 | D:8      | Reached skill level 14 in Staves
  9231 | D:8      | Reached ***** piety under Yredelemnul
  9414 | D:8      | Noticed Erica
  9424 | D:8      | Killed Erica
  9424 | D:8      | Enslaved Erica
  9764 | D:10     | Noticed a two-headed ogre
  9767 | D:10     | Killed a two-headed ogre
  9768 | D:10     | Reached skill level 5 in Invocations
  9777 | D:10     | Found a radiant altar of Vehumet.
  9821 | D:10     | Found an opulent altar of Gozag.
 10235 | D:10     | Found a blossoming altar of Fedhas.
 10373 | D:10     | Killed Fannar
 10374 | D:10     | Reached XP level 12. HP: 85/86 MP: 16/18
 10441 | D:10     | Killed Sonja
 10783 | D:10     | Found a glowing silver altar of Zin.
 11353 | D:11     | Identified the +1 robe "Hugorupt" {rElec rF+++ Dex-4}
 11503 | D:11     | Noticed a seven-headed hydra
 11514 | D:11     | Slain by an eight-headed hydra

Illustrated notes

Levels and vault maps discovered:
D:1:      dpeg_arrival_pits, layout_loops_ring, minmay_pentomino_t2
D:2:      minmay_chambers_of_twos, layout_rooms, grunt_ministairs_13,
          columned_hall_lemuel
D:3:      layout_basic, serial_shops, nicolae_square_shop, portal_sewer_entry_f,
          serial_park_tiny_1, hangedman_decor_diamond_cutter, roderic_lattice_a,
          amethyst_killhole
D:4:      layout_gridville, minmay_temple_entry_drinking_statues,
          minmay_distorted
D:5:      minmay_angry_zag, layout_rooms, okawaru_gym_becter,
          nicolae_hepliaklqana_monster_ancestors, nicolae_tso_carved_into_rock,
          serial_shops, nicolae_shop_bloodbath_and_beyond, nicolae_shop_stone,
          nicolae_shop_statue_plus
D:6:      layout_rooms, chequers_temple_overflow_minitemple,
          minmay_misc_feat_enclosed, uniq_blork_the_orc, uniq_duvessa,
          uniq_pikel
D:7:      layout_loops_ring, mainiacjoe_overflow_paths,
          nemelex_spade_bored_becter, nicolae_qazlal_style_of_elements,
          uniq_crazy_yiuf_cottage
D:8:      layout_loops_ring, mainiacjoe_overflow_six_doors_small,
          due_lair_maze_entry_diamond, uniq_erica
D:9:      layout_stronghold, led_sif_book, nicolae_dithmenos_the_darkroom,
          minmay_orc_entry_guard_dogs, st_stairs_10, uniq_erolcha, uniq_maurice
D:10:     lemuel_ice_spiral_2, layout_stronghold, grunt_gozag_statues,
          zin_statuary, marbit_many_paths, fedhas_altar_2, uniq_fannar,
          uniq_sonja
D:11:     layout_basic, nicolae_wu_jian_glorious_leap
Temple:   hellmonk_temple_two_chambers

Skill      XL: |  1  2  3  4  5  6  7  8  9 10 11 |
---------------+----------------------------------+-----
Staves         | 4 5 6 7 9 10 12 14 | 14.0
Armour         | 1 3 4 5 |  5.8
Fighting       | 5 |  5.8
Shields        | 8 10 | 10.0
Invocations    | 8 |  8.0
Throwing       | |  2.0
Dodging        | |  2.6

Action                   |  1- 3 |  4- 6 |  7- 9 | 10-12 || total
-------------------------+-------+-------+-------+-------++-------
Melee: Quarterstaff      |    86 |   126 |       |     4 ||   216
       Punch             |     2 |     2 |     1 |       ||     5
       Lajatang          |       |    10 |   132 |   273 ||   415
Invok: Recall Undead Har |       |       |       |     2 ||     2
       Bind Soul         |       |       |       |     1 ||     1
       Dark Bargain      |       |       |       |     1 ||     1
 Abil: Dig               |       |     1 |       |       ||     1
       Shaft Self        |       |     1 |       |     1 ||     2
Evoke: Wand              |       |       |       |     4 ||     4
  Use: Scroll            |     3 |     3 |    12 |     7 ||    25
       Potion            |       |     1 |       |     1 ||     2
 Stab: Distracted        |       |       |       |     3 ||     3
       Confused          |       |       |       |     1 ||     1
Armor: Leather armour    |    11 |       |       |       ||    11
       Chain mail        |    17 |    65 |    64 |   106 ||   252
       Skin              |       |    87 |       |       ||    87
Dodge: Dodged            |    55 |    61 |    50 |    81 ||   247
Block: Kite shield       |       |       |    14 |   201 ||   215
